[Event "ICC tourney 2556 (25 5)"]
[Site "Internet Chess Club"]
[Date "2021.05.08"]
[Round "1"]
[White "SHETTY, DARSH:K05-16728985"]
[Black "SIZOVA, SOPHIA:K05-16858008"]
[Result "1-0"]
[ICCResult "Black resigns"]
[WhiteElo "1431"]
[BlackElo "657"]
[Opening "Sicilian: Scheveningen variation"]
[ECO "B80"]
[NIC "SI.19"]
[Time "11:31:02"]
[PlyCount "75"]
[TimeControl "1500+5"]

1. e4 c5 2. Nf3 d6 3. d4 cxd4 4. Nxd4 Nf6 5. Nc3 e6 6. Be3 Be7 7. f3 O-O 8.
Be2 a5 9. O-O b6 10. Ndb5 Nc6 11. Nd4 Bb7 12. Qd2 Qd7 13. Bb5 Rac8 14. Rad1
e5 15. Nf5 Rfd8 16. Bxb6 Re8 17. Nxe7+ Qxe7 18. Qxd6 Qxd6 19. Rxd6 Nd4 20.
Bxe8 Nxe8 21. Rd7 Ba6 22. Rd1 h6 23. Bxd4 exd4 24. R7xd4 Bc4 25. Rd8 Rxd8
26. Rxd8 Kf8 27. Ra8 Be6 28. Rxa5 Nc7 29. Nd5 Ne8 30. Kf2 Bd7 31. Ke3 Bc6
32. Kd4 Nd6 33. Ra6 Nb5+ 34. Kc5 Bb7 35. Kxb5 Bxa6+ 36. Kxa6 Ke8 37. Kb7
Kd7 38. a4 { Black resigns } 1-0

[Event "ICC tourney 2556 (25 5)"]
[Site "Internet Chess Club"]
[Date "2021.05.08"]
[Round "1"]
[White "YOGESH MEHTA, ADITYA:K05-17108546"]
[Black "WILLY, STEPHEN:K05-17088783"]
[Result "0-1"]
[ICCResult "White checkmated"]
[WhiteElo "797"]
[BlackElo "1643"]
[Opening "Giuoco Pianissimo: Italian four knights variation"]
[ECO "C28"]
[NIC "IG.04"]
[Time "11:30:45"]
[PlyCount "88"]
[TimeControl "1500+5"]

1. e4 e5 2. Bc4 Nc6 3. Nc3 Nf6 4. d3 Bc5 5. Nf3 d6 6. h3 h6 7. O-O O-O 8.
Be3 Bb6 9. Bxb6 axb6 10. Nh4 Nxe4 11. dxe4 Qxh4 12. Nd5 Be6 13. Qd3 Na5 14.
Bb3 Nxb3 15. cxb3 Rac8 16. Rac1 Qd8 17. f4 c6 18. Nc3 exf4 19. Rxf4 Qg5 20.
Rff1 d5 21. Rce1 Rfd8 22. exd5 cxd5 23. Qd4 Bxh3 24. Qf2 f6 25. Re3 Bg4 26.
Rg3 h5 27. Qf4 Qxf4 28. Rxf4 d4 29. Ne4 d3 30. Rf2 Rc2 31. Nd2 Be2 32. Rxf6
Rxd2 33. Rfg6 Bg4 34. Kf1 Rd1+ 35. Kf2 d2 36. R6xg4 hxg4 37. Rxg4 Rf1+ 38.
Kxf1 d1=Q+ 39. Kf2 Qxg4 40. Ke3 Re8+ 41. Kd3 Qe4+ 42. Kc3 Rc8+ 43. Kd2 Rc2+
44. Kd1 Qe2# { White checkmated } 0-1

[Event "ICC tourney 2556 (25 5)"]
[Site "Internet Chess Club"]
[Date "2021.05.08"]
[Round "1"]
[White "XIA, CHENXIANG:K05-16930170"]
[Black "MUKTINUTALAPATI, NIKHIL:K05-16577451"]
[Result "1-0"]
[ICCResult "Black checkmated"]
[WhiteElo "1084"]
[BlackElo "316"]
[Opening "Queen's pawn game"]
[ECO "D00"]
[NIC "QP.08"]
[Time "11:32:45"]
[PlyCount "95"]
[TimeControl "1500+5"]

1. d4 d5 2. f4 e5 3. fxe5 f6 4. Nf3 fxe5 5. Nxe5 Qh4+ 6. g3 Qf6 7. Nc3 Ne7
8. h4 Bg4 9. Nxg4 Qf7 10. Ne5 Qe6 11. Bh3 Qb6 12. b3 Nc8 13. Nxd5 Qd6 14.
Nc3 Be7 15. Bf4 O-O 16. Nc4 Qc6 17. Rf1 Bb4 18. Bd2 Rxf1+ 19. Bxf1 Nd7 20.
a3 Bd6 21. e4 Bxg3+ 22. Ke2 Ne7 23. Kd3 Rf8 24. Qg4 Rf4 25. Bxf4 Nc5+ 26.
dxc5 Bf2 27. b4 h5 28. Qxh5 g6 29. Qg5 Qd7+ 30. Nd5 Nxd5 31. Qxd5+ Qxd5+
32. exd5 c6 33. d6 Kf8 34. Ke2 Bxh4 35. Bh3 g5 36. Be5 Kf7 37. Rf1+ Kg6 38.
d7 g4 39. Bxg4 Kg5 40. Be6 Kg6 41. Rg1+ Kh5 42. Rh1 Kh6 43. Rxh4+ Kg5 44.
Rf4 Kh5 45. d8=Q b5 46. cxb6 axb6 47. Qh4+ Kg6 48. Bf7# { Black checkmated
} 1-0

[Event "ICC tourney 2556 (25 5)"]
[Site "Internet Chess Club"]
[Date "2021.05.08"]
[Round "1"]
[White "CHANG, LUCA:K05-16081600"]
[Black "FISHER, WYLIE:K05-16746762"]
[Result "1-0"]
[ICCResult "Black checkmated"]
[WhiteElo "1533"]
[BlackElo "743"]
[Opening "QGA: 3.e4"]
[ECO "D20"]
[NIC "QG.04"]
[Time "11:31:52"]
[PlyCount "51"]
[TimeControl "1500+5"]

1. d4 d5 2. c4 dxc4 3. e4 Nc6 4. Be3 Nf6 5. e5 Ne4 6. f3 Ng5 7. Bxg5 Nxd4
8. Be3 c5 9. Bxc4 e6 10. Ne2 Qa5+ 11. Nbc3 Qb4 12. Bb3 Nxb3 13. Qxb3 Qh4+
14. Ng3 Qd8 15. Rd1 Bd7 16. O-O Be7 17. Nge4 O-O 18. Bxc5 Bxc5+ 19. Nxc5
Qg5 20. N3e4 Qxe5 21. Nxd7 Qh5 22. Ndf6+ gxf6 23. Nxf6+ Kg7 24. Nxh5+ Kh8
25. Qc3+ Kg8 26. Qg7# { Black checkmated } 1-0

[Event "ICC tourney 2556 (25 5)"]
[Site "Internet Chess Club"]
[Date "2021.05.08"]
[Round "1"]
[White "NANDWA, EMMANUEL:K05-16412848"]
[Black "MANIKANDAN, SIDDHARTH:K05-15223658"]
[Result "0-1"]
[ICCResult "White checkmated"]
[WhiteElo "667"]
[BlackElo "1445"]
[Opening "two knights defense: Wilkes Barre (Traxler) variation"]
[ECO "C57"]
[NIC "KP.01"]
[Time "11:31:51"]
[PlyCount "134"]
[TimeControl "1500+5"]

1. e4 e5 2. Nf3 Nc6 3. Bc4 Nf6 4. Ng5 Bc5 5. Nxf7 Bxf2+ 6. Kf1 Qe7 7. Nxh8
d5 8. exd5 Nd4 9. Kxf2 Ng4+ 10. Ke1 Qh4+ 11. g3 Qf6 12. Rf1 Bf5 13. d3 Nxh2
14. Rf2 Ng4 15. Rf1 e4 16. dxe4 Qd6 17. Bf4 Qb4+ 18. c3 Qxb2 19. Qa4+ Bd7
20. Qd1 Nc2+ 21. Ke2 Nce3+ 22. Qd2 Qxa1 23. Bxe3 O-O-O 24. Bxa7 Nh2 25. Rh1
Bg4+ 26. Kd3 Nf3 27. Qf4 h5 28. Nd2 Qxh1 29. Nxf3 Bxf3 30. Nf7 Qd1+ 31. Ke3
Qe2+ 32. Kd4 Qf2+ 33. Ke5 Re8+ 34. Kf5 Bg4+ 35. Kg5 Qxa7 36. d6 Qc5+ 37.
Kh4 Qxc4 38. dxc7 Qxc7 39. Nd6+ Kd7 40. Nxe8 Qxf4 41. gxf4 Kxe8 42. a4 Kd7
43. a5 Kc6 44. f5 Kc5 45. e5 Kc4 46. e6 Bxf5 47. e7 Bd7 48. Kxh5 Kxc3 49.
Kg6 Kb4 50. Kxg7 Kxa5 51. Kf7 b5 52. e8=Q Bxe8+ 53. Kxe8 b4 54. Ke7 b3 55.
Kd6 b2 56. Kc5 b1=Q 57. Kd4 Qb5 58. Ke4 Qc5 59. Kd3 Kb4 60. Kd2 Qc3+ 61.
Ke2 Kc4 62. Kf2 Kd4 63. Kg2 Ke4 64. Kf2 Qf3+ 65. Ke1 Qg2 66. Kd1 Kd3 67.
Kc1 Qc2# { White checkmated } 0-1

[Event "ICC tourney 2556 (25 5)"]
[Site "Internet Chess Club"]
[Date "2021.05.08"]
[Round "1"]
[White "KOUSTUBH NAMILAE, ANANTH:K05-16701177"]
[Black "SARANGI, SHREYAN:K05-17058212"]
[Result "0-1"]
[ICCResult "White resigns"]
[WhiteElo "613"]
[BlackElo "1359"]
[Opening "Queen's pawn: London system"]
[ECO "A45"]
[NIC "QP.07"]
[Time "11:31:53"]
[PlyCount "82"]
[TimeControl "1500+5"]

1. d4 Nf6 2. Bf4 d6 3. c4 Nbd7 4. Nc3 g6 5. e4 Bg7 6. Nf3 O-O 7. Bd3 Qe8 8.
O-O e5 9. Bg5 exd4 10. Nxd4 h6 11. Bh4 Ne5 12. Be2 b6 13. Nf3 Bb7 14. Nxe5
Qxe5 15. Bg3 Qe7 16. Bd3 Rfe8 17. Re1 Nd7 18. Qc2 Nc5 19. f3 Ne6 20. Nd5
Qd7 21. e5 Nd4 22. Qd2 dxe5 23. Bxe5 Rxe5 24. Be4 Bxd5 25. Bxd5 Rxe1+ 26.
Rxe1 Re8 27. Rxe8+ Qxe8 28. Kf1 c6 29. Be4 f5 30. Bd3 Qe5 31. Kg1 Qc5 32.
Qf2 Nb3 33. axb3 Bd4 34. Qxd4 Qxd4+ 35. Kf1 Qxd3+ 36. Kf2 Qc2+ 37. Kg3 Qxb2
38. h3 Qxb3 39. Kh2 Qxc4 40. g4 f4 41. Kg2 Qc2+ { White resigns } 0-1

[Event "ICC tourney 2556 (25 5)"]
[Site "Internet Chess Club"]
[Date "2021.05.08"]
[Round "1"]
[White "KRISHNA JAYAKRISHNAN, CHETHAN:K05-16682197"]
[Black "MORITANI, SHO:K05-16760848"]
[Result "0-1"]
[ICCResult "White checkmated"]
[WhiteElo "693"]
[BlackElo "1456"]
[Opening "Sicilian defense"]
[ECO "B40"]
[NIC "SI.43"]
[Time "11:30:54"]
[PlyCount "88"]
[TimeControl "1500+5"]

1. e4 c5 2. Nf3 e6 3. Nc3 Nc6 4. Bb5 Nge7 5. O-O a6 6. Ba4 b5 7. Bb3 c4 8.
Bxc4 bxc4 9. d3 cxd3 10. cxd3 Bb7 11. Ng5 h6 12. Nf3 d5 13. exd5 Nxd5 14.
Nxd5 Qxd5 15. Be3 Be7 16. Rc1 O-O 17. Qd2 Ne5 18. Qe2 Nxf3+ 19. gxf3 Qxf3
20. Qxf3 Bxf3 21. Rc7 Bd6 22. Rcc1 Rac8 23. Rxc8 Rxc8 24. a4 Rb8 25. Rb1
Rb4 26. b3 Rg4+ 27. Kf1 Bxh2 28. Ke1 Rg1+ 29. Kd2 Rxb1 30. Kc2 Rg1 31. b4
Rg4 32. Kc3 Bd6 33. b5 Rxa4 34. b6 Bb7 35. Kb3 Rg4 36. d4 h5 37. Kc2 h4 38.
Kd2 h3 39. Ke1 h2 40. f3 h1=Q+ 41. Ke2 Qxf3+ 42. Kd2 Rg2+ 43. Kd3 Qe4+ 44.
Kc4 Qc2# { White checkmated } 0-1

[Event "ICC tourney 2556 (25 5)"]
[Site "Internet Chess Club"]
[Date "2021.05.08"]
[Round "1"]
[White "FEUERSTEIN, JACOB:K05-16195750"]
[Black "FORESTAL, LUC ANDRA:K05-16346012"]
[Result "1-0"]
[ICCResult "Black checkmated"]
[WhiteElo "1099"]
[BlackElo "374"]
[Opening "Four knights: Scotch, 4...exd4"]
[ECO "C47"]
[NIC "KP.06"]
[Time "11:30:25"]
[PlyCount "67"]
[TimeControl "1500+5"]

1. e4 e5 2. Nf3 Nc6 3. Nc3 Nf6 4. d4 exd4 5. Nxd4 Bb4 6. Nxc6 Bxc3+ 7. bxc3
bxc6 8. Bd3 Rb8 9. O-O O-O 10. Bg5 h6 11. Bh4 d6 12. h3 d5 13. e5 g5 14.
Bxg5 hxg5 15. exf6 Qxf6 16. Qh5 Bf5 17. Rfd1 Bxd3 18. Rxd3 Rb2 19. Rg3 Re8
20. Rxg5+ Kf8 21. Rf5 Qg7 22. Rd1 Rxc2 23. Rd4 Rc1+ 24. Kh2 Ree1 25. Rg4
Rh1+ 26. Kg3 Rxc3+ 27. f3 Qxg4+ 28. Qxg4 Rc4 29. Qh5 Ke8 30. Qxf7+ Kd8 31.
Qf8+ Kd7 32. Re5 Rc3 33. Qe8+ Kd6 34. Qe7# { Black checkmated } 1-0

[Event "ICC tourney 2556 (25 5)"]
[Site "Internet Chess Club"]
[Date "2021.05.08"]
[Round "1"]
[White "POTASHINSKY, ILAN:K05-17014227"]
[Black "CHUGH, ROHAN:K05-16024710"]
[Result "0-1"]
[ICCResult "White checkmated"]
[WhiteElo "266"]
[BlackElo "1072"]
[Opening "Queen's pawn: Chigorin variation"]
[ECO "D00"]
[NIC "QP.08"]
[Time "11:32:33"]
[PlyCount "84"]
[TimeControl "1500+5"]

1. d4 d5 2. Nc3 Nf6 3. Nf3 Nc6 4. e3 a6 5. Be2 e6 6. O-O Bd6 7. Ng5 O-O 8.
b3 h6 9. Nh3 Re8 10. Bh5 Nxh5 11. Qxh5 e5 12. dxe5 Bxe5 13. Ne2 Bxa1 14.
Nhf4 Qg5 15. Ng3 Qxh5 16. Ngxh5 Bg4 17. Ng3 d4 18. e4 Rad8 19. Nd5 Rd7 20.
Bf4 Bc3 21. Nxc7 Red8 22. Nd5 d3 23. cxd3 Be5 24. Bxe5 Nxe5 25. d4 Nc6 26.
h3 Be6 27. Rd1 Bxd5 28. exd5 Rxd5 29. Ne2 Nxd4 30. Nxd4 Rxd4 31. Rxd4 Rxd4
32. Kh1 Rd2 33. Kg1 Rxa2 34. f4 Ra3 35. Kh2 Rxb3 36. g4 a5 37. h4 a4 38.
Kg2 a3 39. Kf2 a2 40. Ke2 a1=Q 41. g5 Qa2+ 42. Kf1 Rb1# { White checkmated
} 0-1

[Event "ICC tourney 2556 (25 5)"]
[Site "Internet Chess Club"]
[Date "2021.05.08"]
[Round "1"]
[White "SANGHANI, RITIKA:K05-16470815"]
[Black "L HUANG, ABIGAIL:K05-16809062"]
[Result "0-1"]
[ICCResult "White checkmated"]
[WhiteElo "1039"]
[BlackElo "135"]
[Opening "Giuoco Pianissimo: Italian four knights variation"]
[ECO "C55"]
[NIC "IG.01"]
[Time "11:30:33"]
[PlyCount "80"]
[TimeControl "1500+5"]

1. e4 e5 2. Nf3 Nc6 3. Bc4 Nf6 4. Nc3 Bc5 5. d3 d6 6. h3 O-O 7. Bg5 h6 8.
Bh4 b6 9. Nd5 g5 10. Bg3 Nxd5 11. Bxd5 Bb7 12. O-O Rb8 13. c3 Ne7 14. Bxb7
Rxb7 15. b4 Bxf2+ 16. Bxf2 Nc6 17. Qa4 Ne7 18. Qb3 Ng6 19. a4 c5 20. bxc5
dxc5 21. Bxc5 Re8 22. a5 Qd7 23. axb6 axb6 24. Bb4 Nf4 25. Rad1 Ne2+ 26.
Kf2 Nf4 27. Qc2 g4 28. hxg4 Qxg4 29. Rg1 Re6 30. Qa2 Rb8 31. Ke1 Qg3+ 32.
Qf2 Qg4 33. Nh4 Ra8 34. Nf5 Ra1 35. Kd2 Ra2+ 36. Ke1 Rxf2 37. Kxf2 Qe2+ 38.
Kg3 Rg6+ 39. Kh2 Qh5+ 40. Nh4 Qxh4# { White checkmated } 0-1

[Event "ICC tourney 2556 (25 5)"]
[Site "Internet Chess Club"]
[Date "2021.05.08"]
[Round "1"]
[White "PAK, KINGSTON:K05-30066451"]
[Black "MEHTA, KHUSH:K05-16425411"]
[Result "1-0"]
[ICCResult "Black checkmated"]
[WhiteElo "1303"]
[BlackElo "579"]
[Opening "QGD: 3.Nc3"]
[ECO "D31"]
[NIC "QP.08"]
[Time "11:33:42"]
[PlyCount "151"]
[TimeControl "1500+5"]

1. d4 d5 2. c4 e6 3. Nc3 Nc6 4. Nf3 Nf6 5. Bg5 Be7 6. Rc1 Qd6 7. c5 Qd7 8.
e3 b6 9. Bb5 Bb7 10. Ne5 Qd8 11. Nxc6 Bxc6 12. Bxc6+ Nd7 13. Bxe7 Kxe7 14.
Bxa8 Qxa8 15. cxb6 axb6 16. O-O Nf6 17. Qb3 Qb8 18. Nb5 Rc8 19. Qc3 c6 20.
Na3 Ng4 21. g3 Nf6 22. b4 Ne4 23. Qc2 Qa7 24. Nb5 Qb7 25. Nc3 Nd6 26. Qxh7
Ne8 27. Qc2 Nd6 28. Rfd1 Nc4 29. Qb3 b5 30. Nb1 Rh8 31. Nd2 Nd6 32. Qc3 Rc8
33. Nf3 f6 34. Nd2 Kd7 35. Nb3 Qc7 36. Nc5+ Ke7 37. Qd3 Nf5 38. e4 Nd6 39.
exd5 exd5 40. Re1+ Kd8 41. Qh7 Qf7 42. Qxg7 Qxg7 43. Ne6+ Kd7 44. Nxg7 Rg8
45. Nh5 Rh8 46. Nf4 Ra8 47. Rc2 Ne4 48. f3 Nd2 49. Rxd2 Ra3 50. Kg2 f5 51.
h4 Ra8 52. Rde2 Kc7 53. Re7+ Kb6 54. R1e2 Rc8 55. R7e5 Rf8 56. Re8 Rf7 57.
R2e7 Rf6 58. Rb8+ Ka6 59. Reb7 Re6 60. Ra7+ Kxa7 61. Nxe6 Kxb8 62. h5 Kc8
63. h6 Kd7 64. h7 Kxe6 65. h8=Q Kd6 66. Qe5+ Kd7 67. Qxf5+ Kc7 68. Qe6 c5
69. Qe7+ Kb6 70. Qxc5+ Ka6 71. g4 Kb7 72. g5 Kb8 73. Qe7 Ka8 74. g6 Kb8 75.
g7 Kc8 76. g8=Q# { Black checkmated } 1-0

[Event "ICC tourney 2556 (25 5)"]
[Site "Internet Chess Club"]
[Date "2021.05.08"]
[Round "1"]
[White "MANOHAR YELLEPEDDY, YUVAAN:K05-16384357"]
[Black "SRIADITYA KUNAPULI, SIDDARTH:K05-16368693"]
[Result "0-1"]
[ICCResult "White checkmated"]
[WhiteElo "734"]
[BlackElo "1533"]
[Opening "Sicilian defense"]
[ECO "B33"]
[NIC "SI.34"]
[Time "11:30:21"]
[PlyCount "84"]
[TimeControl "1500+5"]

1. e4 c5 2. Nf3 Nc6 3. d4 cxd4 4. Nxd4 Nf6 5. Nc3 e6 6. Be3 Bb4 7. Qd2 Nxe4
8. Qd3 d5 9. a3 Bxc3+ 10. bxc3 O-O 11. Be2 Ne5 12. Qd1 Nxc3 13. Qd2 Nxe2
14. Qxe2 Nc6 15. O-O e5 16. Nf3 Bg4 17. h3 Bh5 18. g4 Bg6 19. Bg5 f6 20.
Bd2 e4 21. Nh4 Nd4 22. Qe3 Nxc2 23. Qc3 Nxa1 24. Rxa1 Rc8 25. Qd4 f5 26.
Nxg6 hxg6 27. Bb4 Rf7 28. Qxa7 fxg4 29. hxg4 Qg5 30. Kf1 Qxg4 31. Qd4 Qh3+
32. Ke1 Qh1+ 33. Ke2 Qf3+ 34. Ke1 Qh1+ 35. Ke2 Qf3+ 36. Ke1 Qd3 37. Qb6 d4
38. Rd1 e3 39. Rxd3 exf2+ 40. Kd2 f1=Q 41. Rxd4 Rf2+ 42. Ke3 Qe2# { White
checkmated } 0-1

[Event "ICC tourney 2556 (25 5)"]
[Site "Internet Chess Club"]
[Date "2021.05.08"]
[Round "1"]
[White "ZIEGLER, NATE:K05-15967852"]
[Black "DESHPANDE, OJAS AMIT:K05-16725875"]
[Result "1-0"]
[ICCResult "Black checkmated"]
[WhiteElo "1866"]
[BlackElo "829"]
[Opening "Queen's Pawn"]
[ECO "A41"]
[NIC "QO.17"]
[Time "11:31:47"]
[PlyCount "77"]
[TimeControl "1500+5"]

1. d4 d6 2. Nf3 g6 3. e4 Bg7 4. Bd3 Nd7 5. O-O e5 6. c3 Qe7 7. b3 Ngf6 8.
Re1 O-O 9. Bb2 c6 10. Nbd2 d5 11. exd5 Nxd5 12. dxe5 Nxe5 13. Nxe5 Bxe5 14.
c4 Nf4 15. Rxe5 Qf6 16. Ne4 Qd8 17. Bc2 Qxd1+ 18. Rxd1 Bf5 19. Nf6+ Kg7 20.
Rxf5 gxf5 21. Nh5+ Kh6 22. Nxf4 Rg8 23. h4 Rad8 24. Bc3 Rxd1+ 25. Bxd1 Rd8
26. Bc2 b5 27. c5 Rg8 28. Bxf5 a6 29. g4 Rg6 30. g5+ Rxg5+ 31. hxg5+ Kxg5
32. Be4 Kxf4 33. Bxc6 h5 34. Bd5 h4 35. c6 f5 36. c7 Kg4 37. c8=Q h3 38.
Be4 Kf4 39. Qxf5# { Black checkmated } 1-0

[Event "ICC tourney 2556 (25 5)"]
[Site "Internet Chess Club"]
[Date "2021.05.08"]
[Round "1"]
[White "GU LIN, BENJAMIN:K05-15976160"]
[Black "RODIC, ELLIOT:K05-16510635"]
[Result "1-0"]
[ICCResult "Black resigns"]
[WhiteElo "1496"]
[BlackElo "724"]
[Opening "Giuoco Piano"]
[ECO "C53"]
[NIC "IG.02"]
[Time "11:31:53"]
[PlyCount "61"]
[TimeControl "1500+5"]

1. e4 e5 2. Nf3 Nc6 3. Bc4 Bc5 4. c3 d6 5. d4 exd4 6. cxd4 Bb4+ 7. Nc3 Bg4
8. O-O Nge7 9. Bxf7+ Kxf7 10. Ng5+ Ke8 11. Qxg4 h5 12. Qf4 Rf8 13. Qxf8+
Kxf8 14. Ne6+ Kf7 15. Nxd8+ Rxd8 16. Be3 a6 17. f4 Rf8 18. e5 Ke6 19. Ne4
Nf5 20. Ng5+ Kd5 21. Bf2 Bd2 22. g3 dxe5 23. dxe5 Ba5 24. Rfd1+ Kc4 25.
Rac1+ Kb5 26. Rd5+ Ka4 27. b3+ Ka3 28. Bc5+ Bb4 29. Bxf8 Bxf8 30. Ne6 Kxa2
31. Nxf8 { Black resigns } 1-0

[Event "ICC tourney 2556 (25 5)"]
[Site "Internet Chess Club"]
[Date "2021.05.08"]
[Round "1"]
[White "KRISHNAN, SHREYANK:K05-16258876"]
[Black "AHAN, ADHRIT:K05-16292172"]
[Result "1-0"]
[ICCResult "Black checkmated"]
[WhiteElo "1486"]
[BlackElo "718"]
[Opening "QGD: Ragozin variation"]
[ECO "D38"]
[NIC "NI.27"]
[Time "11:31:05"]
[PlyCount "97"]
[TimeControl "1500+5"]

1. d4 Nf6 2. Nf3 d5 3. c4 e6 4. Nc3 Bb4 5. a3 Bxc3+ 6. bxc3 O-O 7. Bf4 Nc6
8. e3 b6 9. Bd3 Ne4 10. Qc2 g6 11. cxd5 exd5 12. Bxe4 dxe4 13. Qxe4 Re8 14.
Qxc6 Bf5 15. O-O Re6 16. Qc4 a6 17. Bxc7 Qd7 18. Ne5 b5 19. Qc5 Qe7 20. Qd5
Rc8 21. Ba5 Rd6 22. Qf3 f6 23. Ng4 Re8 24. Nh6+ Kf8 25. Nxf5 gxf5 26. Bb4
Rc8 27. Qxf5 a5 28. Qxc8+ Kf7 29. Bxd6 Qxd6 30. Qc5 Qa6 31. Qh5+ Ke7 32.
Qxh7+ Kd6 33. Qf7 Qc8 34. Qxf6+ Qe6 35. Qxe6+ Kxe6 36. Rfd1 Kd5 37. e4+
Kxe4 38. d5 Ke5 39. d6 a4 40. d7 b4 41. cxb4 Ke4 42. d8=Q Ke5 43. Re1+ Kf5
44. Qf8+ Kg5 45. Re5+ Kg6 46. Qf5+ Kh6 47. Qf6+ Kh7 48. Rh5+ Kg8 49. Rh8# {
Black checkmated } 1-0

[Event "ICC tourney 2556 (25 5)"]
[Site "Internet Chess Club"]
[Date "2021.05.08"]
[Round "1"]
[White "TANN, KEVIN:K05-16685678"]
[Black "ARORA, KABEER:K05-15760440"]
[Result "1-0"]
[ICCResult "Black resigns"]
[WhiteElo "142"]
[BlackElo "1040"]
[Opening "Caro-Kann: Panov-Botvinnik attack"]
[ECO "B13"]
[NIC "CK.03"]
[Time "11:42:54"]
[PlyCount "105"]
[TimeControl "1500+5"]

1. d4 c6 2. e4 d5 3. exd5 cxd5 4. c4 Nf6 5. Nc3 Bf5 6. Bg5 e6 7. Bxf6 Qxf6
8. cxd5 exd5 9. Nxd5 Qe6+ 10. Qe2 Qxe2+ 11. Bxe2 Bd6 12. Nf3 O-O 13. O-O
Nc6 14. Bc4 Be6 15. a3 Na5 16. Ba2 Rfd8 17. Nb4 Bxa2 18. Nxa2 Nb3 19. Rae1
Bf4 20. Re4 Bd2 21. Rd1 Bh6 22. Rd3 Nc5 23. dxc5 Rxd3 24. h3 Rdd8 25. Re7
Bf4 26. g3 Bh6 27. Ne5 f6 28. Nf7 Re8 29. Nxh6+ gxh6 30. Rxb7 Re1+ 31. Kg2
Re2 32. c6 Rc2 33. c7 Rc8 34. Rxa7 R2xc7 35. Rxc7 Rxc7 36. b3 Ra7 37. a4
Rb7 38. Nc1 Rb4 39. Kf3 Kf7 40. Ke3 Ke6 41. Kd3 Ke5 42. Ke2 Ke4 43. Nd3 f5
44. Nxb4 Kd4 45. a5 Kc5 46. a6 Kb6 47. Kf3 Ka7 48. Kf4 Kb6 49. Kxf5 Ka7 50.
Kf6 Kb6 51. Kg7 Ka7 52. Kxh7 Kb6 53. Kxh6 { Black resigns } 1-0

[Event "ICC tourney 2556 (25 5)"]
[Site "Internet Chess Club"]
[Date "2021.05.08"]
[Round "1"]
[White "NATHA, NIRAV:K05-15969775"]
[Black "SHASTI RAVISHANKAR, SEIYON:K05-17047610"]
[Result "1-0"]
[ICCResult "Black checkmated"]
[WhiteElo "1463"]
[BlackElo "705"]
[Opening "Ruy Lopez: modern Steinitz defense, 5.O-O"]
[ECO "C72"]
[NIC "RL.10"]
[Time "11:31:33"]
[PlyCount "83"]
[TimeControl "1500+5"]

1. e4 e5 2. Nf3 Nc6 3. Bb5 a6 4. Ba4 d6 5. O-O Be6 6. c3 Nf6 7. d4 Nxe4 8.
d5 Bf5 9. dxc6 Nc5 10. cxb7+ Nxa4 11. bxa8=Q Qxa8 12. Qxa4+ Bd7 13. Qc2 e4
14. Re1 d5 15. Bf4 Qb7 16. Nd4 Bc5 17. Nb3 Bb6 18. a4 Qc6 19. a5 Ba7 20.
Be3 Bb8 21. Nd4 Qg6 22. Qe2 Bh3 23. g3 O-O 24. Nd2 c5 25. N4b3 c4 26. Nd4
Bc8 27. Qf1 Qh5 28. h4 f5 29. Ne2 Ba7 30. Bxa7 g5 31. hxg5 h6 32. Nf4 hxg5
33. Qh3 Qg6 34. Nxg6 Rf6 35. Qh8+ Kf7 36. Ne5+ Ke6 37. Bd4 Ke7 38. Qxc8 Rf8
39. Qd7+ Kf6 40. Qd6+ Kg7 41. Qg6+ Kh8 42. Nf7# { Black checkmated } 1-0

[Event "ICC tourney 2556 (25 5)"]
[Site "Internet Chess Club"]
[Date "2021.05.08"]
[Round "1"]
[White "POLKAMPALLI, RONAK:K05-17322765"]
[Black "BALAMURUGAN, ABHIJAY:K05-16913354"]
[Result "0-1"]
[ICCResult "White resigns"]
[WhiteElo "526"]
[BlackElo "1242"]
[Opening "Giuoco Piano: Greco's attack"]
[ECO "C54"]
[NIC "IG.02"]
[Time "11:30:57"]
[PlyCount "66"]
[TimeControl "1500+5"]

1. e4 e5 2. Nf3 Nc6 3. Bc4 Bc5 4. c3 Nf6 5. d4 exd4 6. cxd4 Bb4+ 7. Nc3 O-O
8. O-O Bxc3 9. bxc3 Nxe4 10. Bb2 d5 11. Bd3 Bf5 12. Re1 Re8 13. c4 dxc4 14.
Bxc4 Bg4 15. h3 Bf5 16. d5 Na5 17. Bb5 c6 18. dxc6 bxc6 19. Bd3 Rb8 20. Bd4
Rb7 21. Rb1 Rxb1 22. Qxb1 h6 23. Bxe4 Rxe4 24. Rxe4 Nc4 25. Re1 Bxb1 26.
Rxb1 Nb6 27. Rd1 Qe8 28. Re1 Qd7 29. Re4 f5 30. Ne5 Qd5 31. Rh4 g5 32. Rxh6
Qxd4 33. Ng6 Kg7 { White resigns } 0-1

[Event "ICC tourney 2556 (25 5)"]
[Site "Internet Chess Club"]
[Date "2021.05.08"]
[Round "1"]
[White "ENRIQUEZ, EULALIO:K05-16621387"]
[Black "F GEFFRARD, AMY:K05-17190671"]
[Result "1-0"]
[ICCResult "Black checkmated"]
[WhiteElo "1071"]
[BlackElo "262"]
[Opening "Philidor's defense"]
[ECO "B07"]
[NIC "KP.08"]
[Time "11:55:54"]
[PlyCount "31"]
[TimeControl "1500+5"]

1. e4 d6 2. d4 e5 3. Nf3 Nc6 4. Bb5 Bg4 5. Be3 a6 6. Bxc6+ bxc6 7. dxe5
Bxf3 8. Qxf3 dxe5 9. O-O c5 10. Nc3 Rb8 11. Rad1 Qh4 12. b3 c4 13. bxc4 Rb2
14. Nd5 Rxc2 15. Nxc7+ Ke7 16. Bc5# { Black checkmated } 1-0

[Event "ICC tourney 2556 (25 5)"]
[Site "Internet Chess Club"]
[Date "2021.05.08"]
[Round "1"]
[White "PULIJALA, AKSHAJ:K05-16497860"]
[Black "SFORZA, HUNTER:K05-30100050"]
[Result "1-0"]
[ICCResult "Black resigns"]
[WhiteElo "1455"]
[BlackElo "692"]
[Opening "Pirc defense"]
[ECO "B07"]
[NIC "PU.04"]
[Time "11:31:01"]
[PlyCount "99"]
[TimeControl "1500+5"]

1. d4 Nf6 2. Nc3 g6 3. e4 d6 4. f3 Bg7 5. Be3 O-O 6. Qd2 e5 7. d5 c6 8.
dxc6 Nxc6 9. Bd3 Nd4 10. Bxd4 exd4 11. Nce2 Qb6 12. Rb1 Be6 13. b3 Rac8 14.
a4 a5 15. b4 axb4 16. Qxb4 Qxb4+ 17. Rxb4 Nd7 18. Nxd4 Bxd4 19. Rxd4 Nc5
20. Kd2 Nxd3 21. Rxd3 Rfd8 22. Nh3 Bxh3 23. gxh3 Ra8 24. Rd4 Ra5 25. Rg1 d5
26. Rg5 f6 27. Rgxd5 Rdxd5 28. exd5 Kf7 29. Kd3 Ke7 30. d6+ Kd7 31. h4 Ra6
32. c3 g5 33. hxg5 fxg5 34. Ke4 Rxd6 35. Rxd6+ Kxd6 36. Kf5 h6 37. Kg6 Kc5
38. Kxh6 Kc4 39. Kxg5 Kxc3 40. f4 Kb4 41. f5 Kxa4 42. f6 b5 43. f7 b4 44.
f8=Q b3 45. Qf1 Ka3 46. Qb1 b2 47. Kf4 Kb3 48. Ke3 Kc3 49. Ke4 Kb3 50. Kd4
{ Black resigns } 1-0

[Event "ICC tourney 2556 (25 5)"]
[Site "Internet Chess Club"]
[Date "2021.05.08"]
[Round "1"]
[White "KRISHNAN, ASHVATH:K05-30042119"]
[Black "FRIEDL, WILSON:K05-16885193"]
[Result "1-0"]
[ICCResult "Black checkmated"]
[WhiteElo "1226"]
[BlackElo "493"]
[Opening "Ruy Lopez: Berlin defense"]
[ECO "C65"]
[NIC "RL.07"]
[Time "11:32:33"]
[PlyCount "63"]
[TimeControl "1500+5"]

1. e4 e5 2. Nf3 Nc6 3. Bb5 Nf6 4. d3 Bc5 5. c3 d6 6. O-O Bg4 7. Nbd2 O-O 8.
Re1 h5 9. h3 Bxf3 10. Qxf3 a6 11. Ba4 Re8 12. Nf1 b5 13. Bb3 a5 14. a4 Rb8
15. Ng3 g6 16. Bg5 Kg7 17. Reb1 bxa4 18. Bxa4 d5 19. Bxc6 dxe4 20. Nxe4 Re6
21. Nxc5 Rxc6 22. Qxc6 Kh7 23. Bxf6 Kh6 24. Bxd8 Rxd8 25. Qxc7 Rg8 26. Qxe5
a4 27. Rxa4 Rf8 28. Ne4 Kh7 29. Qf6 Kh6 30. Qg5+ Kh7 31. Nf6+ Kh8 32. Qh6#
{ Black checkmated } 1-0